 Dungeon Crawl Stone Soup version 0.30-a0-135-g630cfc4551 (webtiles) character file.

Game seed: 8363904721678305611

93 juncz the Magician (level 4, -1/34 HPs)
             Began as a Djinni Conjurer on Sept 20, 2022.
             Splashed by a jelly's acid (8 damage)
             ... on level 2 of the Dungeon.
             The game lasted 00:04:38 (4140 turns).

juncz the Magician (Djinni Conjurer)                Turns: 4140, Time: 00:04:38

Health: -1/34      AC: -4    Str:  6    XL:     4   Next: 91%
Gold:   119        EV: 12    Int: 22    God:
                   SH:  0    Dex: 11

rFire   + + .      SeeInvis .    (no weapon)
rCold   x . .      Faith    .    (no shield)
rNeg    . . .      Spirit   .    a - +0 robe
rPois   ∞          Reflect  .    (no helmet)
rElec   .          Harm     .    (no cloak)
rCorr   .          Rampage  .    j - +1 pair of gloves
Will    .....                    (boots unavailable)
Stlth   ++........               (no amulet)
HPRegen 0.11/turn                (no ring)
MPRegen 0.00/turn                (no ring)

@: corroded, flying, very slightly contaminated
A: sickness immunity, fire resistance 2, cold vulnerability 1, float, innate
caster, HP casting, extra vitality 1
a: no special abilities


You were on level 2 of the Dungeon.
You visited 1 branch of the dungeon, and saw 2 of its levels.

You collected 119 gold pieces.

Inventory:

Armour
 a - a +0 robe (worn)
 j - a +1 pair of gloves (worn)
Scrolls
 b - a scroll of enchant weapon {unknown}
 f - a scroll of magic mapping {unknown}
 h - 2 scrolls of immolation {unknown}
 i - a scroll of teleportation {unknown}
 l - a scroll of noise {unknown}
 m - 3 scrolls of identify {unknown}
 o - a scroll of torment {unknown}
Potions
 c - a potion of degeneration {unknown}
 d - a potion of attraction {unknown}
 e - a potion of mutation {unknown}
 g - 4 potions of curing {unknown}
 k - a potion of cancellation {unknown}
 n - a potion of might {unknown}


   Skills:
 + Level 2.6 Fighting
 - Level 2.3 Dodging
 - Level 1.7 Stealth
 + Level 4.0 Spellcasting


You couldn't memorise any spells.
You knew the following spells:

 Your Spells              Type           Power      Damage    Failure   Level
a - Magic Dart            Conj           88%        1d7       2%          1
b - Searing Ray           Conj           44%        2d6       3%          2
c - Dazzling Flash        Conj/Hex       44%        N/A       6%          3
d - Fulminant Prism       Conj/Hex       11%        3d9       22%         4
e - Iskenderun's Mystic   Conj/Tloc      22%        2d6       22%         4
f - Sting                 Tmut/Pois      88%        1d7       2%          1
Your spell library was empty.

Dungeon Overview and Level Annotations

Branches:
Dungeon (2/15)

Altars:


Innate Abilities, Weirdness & Mutations

You are immune to sickness and miasma.
You are immune to poison.
Your flesh is very heat resistant. (rF++)
You are vulnerable to cold. (rC-)
You float through the air rather than walking.
You learn spells naturally, not from books.
Your magical power is your life essence.
You have superior vitality. (+4 MHP)


Message History

The jelly hits you but does no damage.
A jelly comes into view.
Casting: Magic Dart (safe; 2% risk of failure)
Confirm with . or Enter, or press ? or * to list all spells.
Aiming: Magic Dart (safe; 2% risk of failure)
Press: ? - help, Shift-Dir - straight line, f/p - jelly
Aim: a jelly (almost dead, 100% to hit)
The magic dart hits the jelly.
You kill the jelly!
Your Spellcasting skill increases to level 4!
Casting: Magic Dart (safe; 2% risk of failure)
Confirm with . or Enter, or press ? or * to list all spells.
Aiming: Magic Dart (safe; 2% risk of failure)
Press: ? - help, Shift-Dir - straight line, f - jelly
Aim: a jelly (100% to hit)
The magic dart hits the jelly.
The jelly is lightly wounded.
The jelly hits you but does no damage.
Casting: Magic Dart (safe; 2% risk of failure)
Confirm with . or Enter, or press ? or * to list all spells.
Aiming: Magic Dart (safe; 2% risk of failure)
Press: ? - help, Shift-Dir - straight line, f/p - jelly
Aim: a jelly (lightly wounded, 100% to hit)
You miscast Magic Dart.
You are very lightly contaminated with residual magic.
Nothing appears to happen.
The jelly hits you. The acid corrodes you!
You are splashed with acid!
* * * LOW HITPOINT WARNING * * *
Casting: Magic Dart (safe; 2% risk of failure)
Confirm with . or Enter, or press ? or * to list all spells.
Aiming: Magic Dart (safe; 2% risk of failure)
Press: ? - help, Shift-Dir - straight line, f/p - jelly
Aim: a jelly (lightly wounded, 100% to hit)
The magic dart hits the jelly.
The jelly is moderately wounded.
* * * LOW HITPOINT WARNING * * *
The jelly hits you.
* * * LOW HITPOINT WARNING * * *
The acid corrodes you!
You are splashed with acid!
You die...

#.#
##.....###.....#...
#.#
#.......##.....####
#.#
#.......##.....####
#.#
#.....(.#########..
#.# #.......# #..
#.# #....#### #..
#.# #....'..## #..
#.# ########.# #..
#.# #@)....## #..
#.# #J####### #..
#.# #.J #.. #.# #÷.
### #.# #..
#########
######.#####..
#........
#....#....##..
#.##.....
#.##.####.##..
#.##.....
#.##.#..#.#
#.##.....


You could see a jelly and an endoplasm.

Vanquished Creatures
  A jelly (D:2)
  2 dart slugs (D:1)
  2 worms (D:2)
  4 ball pythons
  7 endoplasms
  2 goblins
  2 hobgoblins (D:1)
  7 jackals (D:1)
  14 kobolds
  A quokka (D:2)
  A bat (D:1)
  2 frilled lizards (D:1)
  6 rats
51 creatures vanquished.

Vanquished Creatures (others)
  8 fungi (D:2)
  8 toadstools (D:2)
16 creatures vanquished.

Grand Total: 67 creatures vanquished

Notes
Turn   | Place    | Note
-------+----------+-------------------------------------------
     0 | D:1      | juncz the Djinni Conjurer began the quest for the Orb.
     0 | D:1      | juncz set off with the following spells memorised: Magic
                  | Dart, Searing Ray, Dazzling Flash, Fulminant Prism,
                  | Iskenderun's Mystic Blast.
     0 | D:1      | Reached XP level 1. HP: 15/15 MP: 0/0
    88 | D:1      | Reached XP level 2. HP: 12/22 MP: 0/0
   553 | D:1      | Reached skill level 1 in Fighting
   563 | D:1      | Reached XP level 3. HP: 14/27 MP: 0/0
   563 | D:1      | Learned a level 1 spell: Sting
  3158 | D:2      | Reached XP level 4. HP: 25/33 MP: 0/0
  4138 | D:2      | Reached skill level 4 in Spellcasting
  4140 | D:2      | Splashed by a jelly's acid

Illustrated notes

Levels and vault maps discovered:
D:1:      co_arrival_random_square_maze, layout_rooms, minmay_liquid_box
D:2:      cheibrodos_fertilizer, layout_basic

Skill      XL: |  1  2  3  4 |
---------------+-------------+-----
Fighting       | 1 2 |  2.6
Spellcasting   | 4 |  4.0
Dodging        | |  2.3
Stealth        | |  1.7

Action                   |  1- 3 |  4- 6 || total
-------------------------+-------+-------++-------
 Cast: Magic Dart        |    97 |    23 ||   120
Armor: Robe              |     7 |     2 ||     9
Dodge: Dodged            |    11 |       ||    11

Table legend: (Time is in decaauts)
 A = Elapsed time spent in this place.
 B = Non-inter-level travel time spent in this place.
 C = Inter-level travel time spent in this place.
 D = Time resting spent in this place.
 E = Time spent auto-exploring this place.
 F = Levels seen in this place.
 G = Mean time per level.
                   A        B        C        D        E       F      G
               +--------+--------+--------+--------+--------+-----+--------+
         Total |   4139 |   4111 |     28 |   2066 |   1839 |   2 | 2069.5 |
       Dungeon |   4139 |   4111 |     28 |   2066 |   1839 |   2 | 2069.5 |
               +--------+--------+--------+--------+--------+-----+--------+

Top non-repeatable levels by time:
     D:2: 2442 daAuts
     D:1: 1697 daAuts
